 Dungeon Crawl Stone Soup version 0.32-a0-886-g41c5271027 (webtiles) character file.

Game seed: 3038754697070572840

13157 senseless the Mimic (level 11, -4/97 HPs)
             Began as a Grey Draconian Shapeshifter on Apr 2, 2024.
             Was a High Priest of Wu Jian.
             Slain by Harold
             ... wielding a +1 heavy flail
              (24 damage)
             ... on level 10 of the Dungeon.
             The game lasted 00:23:14 (10105 turns).

senseless the Mimic (Grey Draconian Shapeshifter)  Turns: 10105, Time: 00:23:15

Health: -4/97      AC: 12    Str: 16    XL:     11   Next: 71%
Magic:  20/20      EV:  7    Int: 10    God:    Wu Jian [*****.]
Gold:   683        SH:  0    Dex: 16    Spells: 10/10 levels left

rFire   + .          .
                       - Unarmed
rCold   . . .        (no shield)
rNeg    . . .        (body armour unavailable)
rPois   .            D - melded +2 hat
rElec   .            v - melded +2 ratskin cloak {*Rats rPois rN+ Str-1 Int-1 Dex+1}
rCorr   .            (gloves currently unavailable)
SInv    .            s - melded +1 pair of boots
Will    .....        k - amulet of faith
Stlth   +            u - ring of protection from fire
HPRegen 0.36/turn    m - ring of magical power
MPRegen 0.17/turn

%: faith
@: beast-form, marked, held
A: beast (slay +4), mud breath, mud-swimmer, AC +12, amphibious, unfitting
armour, cold-blooded
a: Mud Breath, Begin Untransformation, Renounce Religion, Wall Jump, Serpent's
Lash, Heavenly Storm


You were on level 10 of the Dungeon.
You worshipped Wu Jian.
Wu Jian was extremely pleased with you.
You were a hulking beast.
You visited 2 branches of the dungeon, and saw 11 of its levels.
You also visited: Bailey.

You collected 683 gold pieces.

Inventory:

Hand Weapons
 t - a +5 trident of protection
 A - a +4 hand axe
 L - a +5 broad axe
Missiles
 f - 23 poisoned darts
 l - 23 boomerangs
 E - 4 curare-tipped darts
 N - 2 javelins
 P - a throwing net
Armour
 s - a +1 pair of boots (melded)
 v - the +2 ratskin cloak (melded) {*Rats rPois rN+ Str-1 Int-1 Dex+1}
   (You found it on level 8 of the Dungeon)

   *Rats:     When the wearer is hurt, rats may emerge from it to assist them.
   Str-1:     It affects your strength (-1).
   Int-1:     It affects your intelligence (-1).
   Dex+1:     It affects your dexterity (+1).
   rPois:     It protects you from poison.
   rN+:       It protects you from negative energy.
 D - a +2 hat (melded)
Jewellery
 k - an amulet of faith (around neck)
 m - a ring of magical power (right hand)
 o - an amulet of guardian spirit
 u - a ring of protection from fire (left hand)
 C - a ring of ice
Talismans
 b - a beast talisman (active)
 c - a flux talisman
Wands
 g - a wand of flame (33)
 x - a wand of paralysis (16)
 y - a wand of polymorph (7)
 B - a wand of digging (6)
 F - a wand of iceblast (13)
 O - a wand of acid (6)
Scrolls
 d - 3 scrolls of fog
 p - 3 scrolls of vulnerability
 q - 2 scrolls of immolation
 r - 4 scrolls of teleportation
 H - 2 scrolls of enchant armour
 K - 3 scrolls of enchant weapon
 M - a scroll of blinking
Potions
 a - 2 potions of lignification
 e - 2 potions of invisibility
 h - 2 potions of berserk rage
 i - 4 potions of mutation
 j - a potion of ambrosia
 n - 3 potions of brilliance
 w - 4 potions of curing
 z - a potion of heal wounds
 G - a potion of magic
 I - 2 potions of cancellation
Miscellaneous
 J - a Gell's gravitambourine (2/2)


   Skills:
 + Level 9.1 Fighting
 + Level 1.9 Throwing
 + Level 7.7 Dodging
 + Level 8.8 Unarmed Combat
 + Level 11.9 Shapeshifting


You had 10 spell levels left.
You didn't know any spells.
Your spell library contained the following spells:

 Spells                   Type           Power      Damage    Failure   Level
 Apportation              Tloc           0%         N/A       36%         1
 Magic Dart               Conj           0%         1d3       36%         1
 Necrotise                Necr           0%         1d4       36%         1
 Slow                     Hex            0%         N/A       36%         1
 Sting                    Conj/Alch      0%         1d3       36%         1
 Summon Small Mammal      Summ           0%         N/A       36%         1
 Blink                    Tloc           0%         N/A       50%         2
 Call Imp                 Summ           0%         N/A       50%         2
 Mercury Vapours          Alch/Air       0%         N/A       50%         2
 Scorch                   Fire           0%         2d5       50%         2
 Call Canine Familiar     Summ           0%         N/A       75%         3
 Confusing Touch          Hex            0%         N/A       75%         3
 Dazzling Flash           Conj/Hex       0%         N/A       75%         3
 Sigil of Binding         Hex            0%         N/A       75%         3
 Vampiric Draining        Necr           0%         2d6       75%         3
 Animate Dead             Necr           0%         N/A       98%         4
 Dimensional Bullseye     Hex/Tloc       0%         N/A       98%         4
 Flame Wave               Conj/Fire      0%         2d4       98%         4
 Olgreb's Toxic Radiance  Alch           0%         N/A       98%         4
 Starburst                Conj/Fire      0%         6d3       100%        6
 Summon Cactus Giant      Summ           0%         N/A       100%        6
 Haunt                    Necr/Summ      0%         N/A       100%        7
 Infestation              Necr           0%         N/A       100%        8
 Maxwell's Capacitive Co  Air            0%         ∞         100%        8


Dungeon Overview and Level Annotations

Branches:
Dungeon (10/15)            Temple (1/1) D:7            Lair (0/5) D:9
 Bailey (visited)
    Orc: D:9-12

Altars:
Ashenzari
Cheibriados
Dithmenos
Elyvilon
Fedhas
Gozag
Hepliaklqana
Kikubaaqudgha
Makhleb
Nemelex Xobeh
Okawaru
Qazlal
Ru
Sif Muna
Trog
Uskayaw
Vehumet
Wu Jian
Xom
Yredelemnul
Zin
The Shining One

Shops:
D:4 ?

Annotations:
D:10 Harold


Innate Abilities, Weirdness & Mutations

You are a hulking beast.
Your limbs bulge with bestial killing power. (Slay +4)
You can breathe torrents of mud.
You are unimpeded by mud.
Your dull iron-grey scales are very hard. (AC +12)
You are amphibious.
You cannot fit into any form of body armour.
You are cold-blooded and may be slowed by cold attacks.


Message History

* * * LOW HITPOINT WARNING * * *
Harold hits you with a +1 heavy flail!!
* * * LOW HITPOINT WARNING * * *
Unknown command.
Aiming: Mud Breath
Press: ? - help, Shift-Dir - straight line, f - centaur
Aim: a centaur, wielding a +0 orcbow (94% to hit)
You spew a torrent of mud.
The ball of mud hits the centaur!
The centaur is heavily wounded.
The mud splashes down.
Your surroundings suddenly seem different.
You start resting.
A centaur is nearby!
The centaur shoots an arrow.
The arrow barely misses you.
There is an open door here.
You start resting.
A centaur is nearby!
You are too injured to fight recklessly!
You are too injured to fight recklessly!
You hit the centaur. You tail-slap the centaur.
You kill the centaur!
The Council accepts your kill.
There is an open door here.
You see here a +0 orcbow.
You start resting.
Harold is nearby!
You are too injured to fight recklessly!
Aiming: Mud Breath
Press: ? - help, Shift-Dir - straight line, f - Harold
Aim: Harold, wielding a +1 heavy flail, wearing a +0 scale mail and quivering 3 throwing nets (moderately wounded, 94% to hit)
You spew a torrent of mud.
The ball of mud hits Harold!!
Harold is heavily wounded.
Harold is knocked back by the ball of mud.
The mud splashes down.
Harold throws a throwing net.
The throwing net hits you.
You become entangled in the net!
You struggle against the net.
Harold says, "My wife will appreciate not having to wash blood out of my clothes anymore."
You struggle against the net.
Harold hits you with a +1 heavy flail!!
You die...
Harold sighs, "Finally, I can get that cattle farm and settle down."

#..............#..####.....#
##..####........#..#........#
....#..####.....##'#........#
..###.....#.................#
..#.......#.................#
..#.......#....######+#.....#
..'.......#...~#~.....#.....#
..#########...~@~.....#.....#
...............#h.....#.....#####
...............########..........
.................................
..÷...................)..########
.........................#......#
.....[##########.....c...#......#
#####÷# #..#####..#......# # #.#
#..# #..#......# # #.#
#..#...#..'......#


You could see Harold.

Vanquished Creatures
  An orc warlord (Bailey)
  Pikel (D:4)
  An orc knight (Bailey)
  A manticore (D:10)
  Joseph (D:7)
  Maggie (D:6)
  A komodo dragon (D:9)
  A troll (D:10)
  3 shadows
  A steam dragon (D:6)
  3 wyverns
  3 yaks (D:10)
  Menkaure (D:4)
  A water moccasin (D:9)
  5 orc warriors
  2 black bears (D:6)
  An ogre (D:3)
  5 centaurs
  A lemure (D:4)
  3 phantoms
  Blork the orc (D:6)
  2 gnoll sergeants
  5 bullfrogs
  8 wights
  A howler monkey (D:8)
  3 jellies
  6 orc priests
  A gnoll bouda (D:7)
  Ijyb (D:4)
  3 iguanas
  Natasha (thrice) (D:3)
  6 orc wizards
  19 gnolls
  8 adders
  3 white imps
  2 ufetubi (D:6)
  A dart slug (D:4)
  35 orcs
  5 ball pythons
  2 bats
  11 endoplasms
  3 giant cockroaches
  9 goblins
  10 hobgoblins
  A jackal (D:4)
  21 kobolds
  3 quokkas
  A frilled lizard (D:2)
  4 rats
215 creatures vanquished.

Vanquished Creatures (others)
  An orc priest (D:6)
  An orc (D:6)
2 creatures vanquished.

Grand Total: 217 creatures vanquished

Notes
Turn   | Place    | Note
-------+----------+-------------------------------------------
     0 | D:1      | senseless the Draconian Shapeshifter began the quest for
                  | the Orb.
     0 | D:1      | Reached XP level 1. HP: 16/16 MP: 1/1
   426 | D:1      | Reached XP level 2. HP: 8/23 MP: 2/2
   682 | D:2      | Reached XP level 3. HP: 5/29 MP: 3/3
  1066 | D:2      | Found a faded altar of an unknown god.
  1121 | D:2      | Prayed at the altar of an unknown god.
  1121 | D:2      | Became a worshipper of the Wu Jian Council
  1121 | D:2      | Reached * piety under Wu Jian
  1174 | D:2      | Reached XP level 4. HP: 36/36 MP: 4/4
  1418 | D:3      | Found a glowing silver altar of Zin.
  1497 | D:3      | Found an opulent altar of Gozag.
  1640 | D:3      | Noticed an ogre
  1649 | D:3      | Killed an ogre
  1650 | D:3      | Reached XP level 5. HP: 18/44 MP: 5/5
  1859 | D:3      | Noticed Natasha
  1869 | D:3      | Killed Natasha
  2167 | D:3      | Noticed Natasha
  2173 | D:3      | Killed Natasha
  2174 | D:3      | Reached skill level 4 in Shapeshifting
  2184 | D:3      | Noticed Natasha
  2203 | D:3      | Killed Natasha
  2550 | D:4      | Reached XP level 6. HP: 51/51 MP: 6/6
  2571 | D:4      | Reached ** piety under Wu Jian
  2585 | D:4      | Noticed Pikel
  2605 | D:4      | Killed Pikel
  2606 | D:4      | Reached skill level 5 in Unarmed Combat
  2606 | D:4      | Your scales start taking on a dull iron-grey colour.
  2606 | D:4      | Reached XP level 7. HP: 42/60 MP: 7/7
  2685 | D:4      | Found a shimmering altar of Xom.
  2685 | D:4      | Found a white marble altar of Elyvilon.
  2688 | D:4      | Found an ornate altar of the Wu Jian Council.
  2688 | D:4      | Found a blossoming altar of Fedhas.
  2689 | D:4      | Found a burning altar of Makhleb.
  2709 | D:4      | Noticed Ijyb
  2715 | D:4      | Paralysed by Ijyb for 4 turns
  2721 | D:4      | Killed Ijyb
  2974 | D:4      | Noticed Menkaure
  2985 | D:4      | Killed Menkaure
  2986 | D:4      | Reached skill level 5 in Shapeshifting
  3429 | D:4      | Found The Oracle's Delphic Readings.
  3445 | D:4      | Reached skill level 5 in Fighting
  3622 | D:5      | Entered Level 5 of the Dungeon
  3824 | D:5      | Reached XP level 8. HP: 68/68 MP: 8/8
  4379 | D:5      | Reached *** piety under Wu Jian
  4790 | D:6      | Reached skill level 5 in Dodging
  4896 | D:6      | Reached skill level 6 in Shapeshifting
  5049 | D:6      | Noticed Blork the orc
  5055 | D:6      | Killed Blork the orc
  5280 | D:6      | Reached XP level 9. HP: 78/78 MP: 9/9
  5343 | D:6      | Noticed Maggie
  5356 | D:6      | Killed Maggie
  5821 | D:7      | Found a staircase to the Ecumenical Temple.
  5867 | Temple   | Entered the Ecumenical Temple
  5876 | D:7      | Noticed Joseph
  5896 | D:7      | Killed Joseph
  6315 | D:7      | Found a bloodstained altar of Trog.
  6319 | D:7      | Found a shimmering blue altar of Sif Muna.
  6511 | D:7      | Reached **** piety under Wu Jian
  6599 | D:8      | Found a flagged portal.
  6611 | D:8      | Reached skill level 7 in Shapeshifting
  6733 | D:8      | Found the +2 ratskin cloak {*Rats rPois rN+ Str-1 Int-1
                  | Dex+1}
  6850 | Bailey   | Entered a bailey
  6855 | Bailey   | Noticed an orc warlord
  7145 | Bailey   | Found a runed translucent gate.
  7145 | Bailey   | Found a runed translucent gate.
  7145 | Bailey   | Found a runed translucent gate.
  7145 | Bailey   | Noticed an orc knight
  7161 | Bailey   | Killed an orc knight
  7162 | Bailey   | Reached XP level 10. HP: 88/88 MP: 10/10
  7477 | Bailey   | Killed an orc warlord
  7657 | Bailey   | Reached skill level 11 in Shapeshifting
  7657 | Bailey   | Reached XP level 11. HP: 95/95 MP: 11/11
  7885 | D:8      | Found a radiant altar of Vehumet.
  8346 | D:9      | Reached ***** piety under Wu Jian
  8892 | D:9      | Found a staircase to the Lair.
  9163 | D:10     | Entered Level 10 of the Dungeon
  9182 | D:10     | Reached skill level 1 in Throwing
 10051 | D:10     | Noticed Harold
 10105 | D:10     | Slain by Harold

Illustrated notes

Levels and vault maps discovered:
D:1:      moated_graveyard_arrival, layout_basic, hangedman_decor_points,
          minmay_tromino_v4_b
D:2:      layout_rooms, chequers_ecumenical_altar_island
D:3:      layout_rooms, mainiacjoe_overflow_tiny_flanked, zin_academy,
          serial_co_window_serial, co_window_corner_a, co_window_corner_a,
          co_window_cross_1, co_window_corner_a, co_window_corner_a,
          co_window_unsneaky_path_e, co_window_unsneaky_path_d,
          co_window_2corner, co_window_sun, chequers_serial_rivers_small_3,
          uniq_natasha
D:4:      layout_basic, grunt_temple_overflow_open, kennysheep_small_spiral,
          nicolae_nh_oracle_at_delphi, uniq_menkaure, uniq_ijyb, uniq_pikel
D:5:      cheibrodos_fertilizer, layout_basic
D:6:      layout_loops_ring, uniq_maggie, uniq_blork_the_orc
D:7:      wander_river, layout_loops_cross, hellmonk_overflow_destroyed_library,
          temple_doors_e, uniq_joseph
D:8:      layout_rooms, kennysheep_little_box, enter_bailey_6
D:9:      layout_stronghold, david_lair_shrubbed
D:10:     layout_irregular_city, uniq_harold
Temple:   nicolae_temple_x_marks_the_god

Skill      XL: |  1  2  3  4  5  6  7  8  9 10 11 |
---------------+----------------------------------+-----
Dodging        | 2 3 4 5 6 7 |  7.7
Fighting       | 2 3 4 5 6 8 9 |  9.1
Unarmed Combat | 4 5 6 8 |  8.8
Shapeshifting  | 4 5 6 7 11 | 11.9
Throwing       | 1 |  1.9

Action                     |  1- 3 |  4- 6 |  7- 9 | 10-12 || total
---------------------------+-------+-------+-------+-------++-------
  Melee: Unarmed           |    53 |     3 |     5 |   256 ||   317
         Tailslap          |     6 |     7 |    38 |    45 ||    96
         Trident           |       |    72 |   342 |       ||   414
         Punch             |       |       |       |    17 ||    17
  Throw: Dart              |    35 |       |       |     2 ||    37
         Boomerang         |     2 |    46 |     9 |       ||    57
Ability: Whirlwind         |       |       |     7 |       ||     7
         Lunge             |       |       |     2 |    19 ||    21
         Mud Breath        |       |       |     1 |     4 ||     5
    Use: Scroll            |       |       |    18 |     3 ||    21
         Potion            |       |       |     4 |     2 ||     6
   Stab: Sleeping          |       |     2 |     4 |       ||     6
 Armour: Skin              |    30 |    60 |   302 |   160 ||   552
  Dodge: Dodged            |    25 |    63 |   268 |   171 ||   527
         Form:             |       |       |     2 |       ||     2
         Beast             |       |       |     2 |       ||     2

Table legend: (Time is in decaauts)
 A = Elapsed time spent in this place.
 B = Non-inter-level travel time spent in this place.
 C = Inter-level travel time spent in this place.
 D = Time resting spent in this place.
 E = Time spent auto-exploring this place.
 F = Levels seen in this place.
 G = Mean time per level.
                   A        B        C        D        E       F      G
               +--------+--------+--------+--------+--------+-----+--------+
         Total |  10227 |   9810 |    417 |    821 |   7212 |  12 |  852.2 |
       Dungeon |   9393 |   8976 |    417 |    468 |   6972 |  10 |  939.3 |
        Temple |      1 |      1 |      0 |      0 |      0 |   1 |    1.0 |
        Bailey |    831 |    831 |      0 |    352 |    240 |   1 |  831.0 |
               +--------+--------+--------+--------+--------+-----+--------+

Top non-repeatable levels by time:
     D:4: 1272 daAuts
     D:6: 1159 daAuts
     D:3: 1023 daAuts
     D:9: 1020 daAuts
     D:5: 1009 daAuts
    D:10: 926 daAuts
  Bailey: 831 daAuts
     D:7: 805 daAuts
     D:2: 759 daAuts
     D:8: 751 daAuts
     D:1: 664 daAuts
  Temple: 1 daAuts
